 Dungeon Crawl Stone Soup version 0.27.1-33-g824d729ab1 (webtiles) character file.

Game seed: 9236923973502195282

86 halfoni the Chopper (level 4, 0/35 HPs)
             Began as a Human Berserker on Dec 18, 2021.
             Was a Believer of Trog.
             Slain by Sigmund (8 damage)
             ... on level 2 of the Dungeon.
             The game lasted 00:05:17 (1416 turns).

halfoni the Chopper (Human Berserker)               Turns: 1416, Time: 00:05:18

Health: 0/35       AC: 11    Str: 19    XL:     4   Next: 77%
Magic:  4/4        EV:  1    Int:  7    God:    Trog [**....]
Gold:   103        SH: 12    Dex: 12    Spells: 3/3 levels left

rFire    . . .     SeeInvis .   l - +1 mace (holy)
rCold    . . .     Faith    .   b - +0 tower shield
rNeg     . . .     Spirit   .   g - +0 plate armour
rPois    .         Reflect  .   (no helmet)
rElec    .         Harm     .   (no cloak)
rCorr    .         Rampage  .   (no gloves)
Will     .....                  (no boots)
Stlth    ..........             (no amulet)
HPRegen  0.11/turn              (no ring)
MPRegen  0.09/turn              (no ring)

@: on berserk cooldown, slowed, very slow
A: no striking features
a: Renounce Religion, Berserk, Trog's Hand


You were on level 2 of the Dungeon.
You worshipped Trog.
Trog was pleased with you.
You visited 1 branch of the dungeon, and saw 2 of its levels.

You collected 103 gold pieces.

Inventory:

Hand Weapons
 a - a +0 hand axe
 l - a +1 mace of holy wrath (weapon)
Armour
 b - a +0 tower shield (worn)
 g - a +0 plate armour (worn)
Jewellery
 e - a ring of magical power
Scrolls
 c - a scroll of teleportation {unknown}
 f - 2 scrolls of identify {unknown}
 h - 4 scrolls of fog {unknown}
 j - a scroll of brand weapon {unknown}
Potions
 d - 2 potions of berserk rage {unknown}
 i - 2 potions of mutation {unknown}
 k - a potion of degeneration {unknown}


   Skills:
 + Level 3.3 Fighting
 + Level 3.8 Axes
 * Level 2.4 Armour
 * Level 2.6 Dodging
 * Level 1.4 Shields


You had 3 spell levels left.
You didn't know any spells.
Your spell library was empty.

Dungeon Overview and Level Annotations

Branches:
Dungeon (2/15)

Altars:

Annotations:
D:2 Sigmund


Message History

You block Sigmund's attack.
A red film seems to cover your vision as you go berserk!
You feel yourself moving faster!
You feel mighty!
You feel a strong urge to attack something.
Sigmund hits you with a +0 scythe.
You closely miss Sigmund. Sigmund hits you with a +0 scythe!
You closely miss Sigmund. Sigmund hits you with a +0 scythe.
You barely miss Sigmund. You barely miss Sigmund.
Sigmund hits you with a +0 scythe!
You thump Sigmund!
Sigmund is moderately wounded.
You block Sigmund's attack.
You sock Sigmund!
Sigmund is almost dead.
You block Sigmund's attack.
You closely miss Sigmund.
Sigmund is almost dead.
You completely miss Sigmund.
Sigmund is almost dead.
You are no longer berserk.
You are exhausted.
You feel yourself slow down. You block Sigmund's attack.
You closely miss Sigmund.
Sigmund is almost dead.
Sigmund hits you with a +0 scythe.
Sigmund screams, "Don't try to resist!"
Sigmund casts a spell at you. The puff of flame hits you.
You barely miss Sigmund.
Sigmund is almost dead.
Sigmund mumbles some strange words.
Sigmund flickers and vanishes!
Deactivating autopickup; reactivate with Ctrl-A.
Something hits you.
You closely miss something. Something hits you.
* * * LOW HITPOINT WARNING * * *
Something hits you but does no damage.
Your plate armour prevents you from hitting something.
Something hits you!
You die...

.........#####..#
...............##
........##.#####
........##...##
.............)###
...#..#..##.....#
...#..##.##.....#
...#..##........#######
...#..#####.....@{^...#
...#..# #...........#
...#..#####..........)#
......................#
####..#####...........#
#### #...........#
#...........#
#############


There were no monsters in sight!

Vanquished Creatures
  Terence (D:2)
  2 adders (D:2)
  2 dart slugs (D:2)
  5 ball pythons
  2 bats (D:1)
  3 endoplasms
  2 giant cockroaches
  5 goblins
  3 hobgoblins
  4 kobolds
  2 quokkas (D:2)
  2 frilled lizards
  3 rats
36 creatures vanquished.

Notes
Turn   | Place    | Note
-------+----------+-------------------------------------------
     0 | D:1      | halfoni the Human Berserker began the quest for the Orb.
     0 | D:1      | Reached XP level 1. HP: 18/18 MP: 1/1
    91 | D:1      | Reached XP level 2. HP: 24/24 MP: 2/2
    97 | D:1      | Found a faded altar of an unknown god.
   882 | D:2      | Reached XP level 3. HP: 29/29 MP: 3/3
  1132 | D:2      | Noticed Terence
  1144 | D:2      | Killed Terence
  1145 | D:2      | Reached skill level 1 in Shields
  1145 | D:2      | Reached XP level 4. HP: 35/35 MP: 4/4
  1287 | D:2      | Reached ** piety under Trog
  1399 | D:2      | Noticed Sigmund
  1416 | D:2      | Slain by Sigmund

Illustrated notes

Levels and vault maps discovered:
D:1:      doesnt_arrival_eight_statues, layout_basic,
          hellmonk_ecumenical_altar_prayer_group
D:2:      layout_rooms, uniq_sigmund, uniq_terence

Skill      XL: |  1  2  3 |
---------------+----------+-----
Shields        | 1 |  1.4
Fighting       | |  3.3
Axes           | |  3.8
Armour         | |  2.4
Dodging        | |  2.6

Action                   |  1- 3 |  4- 6 || total
-------------------------+-------+-------++-------
Melee: Hand axe          |   104 |     3 ||   107
       Mace              |       |    31 ||    31
Invok: Berserk           |     2 |     1 ||     3
 Stab: Sleeping          |     1 |       ||     1
Armor: Animal skin       |     7 |       ||     7
       Plate armour      |    39 |    17 ||    56
Dodge: Dodged            |    38 |     4 ||    42
Block: Tower shield      |    50 |    20 ||    70
